[ AOE2 MATCH · #472333409 ]
UnrankedTeutons vs Franks
[ REPLAY ANALYSIS · EXTRACTED FROM THE RECORDED GAME ]
Feudal
—
Castle
—
Imperial
—
| APM avg | 39.1 |
| APM peak | 54 |
| eAPM avg | 8.7 |
| Villagers / military | 8 / 0 |
Focus
⚔️ 0.0% · 🌾 100.0%
Feudal
—
Castle
—
Imperial
—
| APM avg | 47.0 |
| APM peak | 53 |
| eAPM avg | 15.2 |
| Villagers / military | 4 / 0 |
Focus
⚔️ 10.0% · 🌾 90.0%
Feudal
—
Castle
—
Imperial
—
| APM avg | 54.3 |
| APM peak | 63 |
| eAPM avg | 13.0 |
| Villagers / military | 5 / 0 |
Focus
⚔️ 0.0% · 🌾 100.0%
Feudal
—
Castle
—
Imperial
—
| APM avg | 47.8 |
| APM peak | 66 |
| eAPM avg | 8.0 |
| Villagers / military | 4 / 0 |
Focus
⚔️ 0.0% · 🌾 100.0%
Feudal
—
Castle
—
Imperial
—
| APM avg | 43.4 |
| APM peak | 59 |
| eAPM avg | 14.5 |
| Villagers / military | 5 / 0 |
Focus
⚔️ 0.0% · 🌾 100.0%
Feudal
—
Castle
—
Imperial
—
| APM avg | 42.0 |
| APM peak | 42 |
| eAPM avg | 6.5 |
| Villagers / military | 4 / 0 |
Focus
⚔️ 0.0% · 🌾 100.0%
Feudal
—
Castle
—
Imperial
—
| APM avg | 9.4 |
| APM peak | 13 |
| eAPM avg | 9.4 |
| Villagers / military | 3 / 0 |
Focus
⚔️ 0.0% · 🌾 100.0%
Feudal
—
Castle
—
Imperial
—
| APM avg | 42.0 |
| APM peak | 51 |
| eAPM avg | 15.9 |
| Villagers / military | 4 / 0 |
Focus
⚔️ 0.0% · 🌾 100.0%
Match map
Initial resources + every placement click. Lines = walls · curves = elevation contours. ◆ gold · ⬟ stone · ● berries · ✦ relic · ◌ wall gap
Your base
Fs.Emmanuel's base
rikardo_latino's base
IkeP2's base
荒野一條蟲's base
HuntHuht's base
Spec Reporter of 'roggan''s base
LetItGo :('s base
Smoothed initial terrain · ◌ = detected wall gap · hover for details
Inputs per minute
— Lets_AOE - - Fs.Emmanuel
Build order — Lets_AOE
4 actions detected in the replay
| 0:04 | Create | Villager (Male) ×4 |
| 0:04 | Create | Villager (Male) ×4 |
| 0:06 | Build | House |
| 0:08 | Build | House |
Build order — Fs.Emmanuel
6 actions detected in the replay
| 0:02 | Create | Villager (Male) |
| 0:04 | Build | House |
| 0:06 | Build | House |
| 0:18 | Create | Villager (Male) |
| 0:18 | Create | Villager (Male) |
| 0:18 | Create | Villager (Male) |
Build order — rikardo_latino
7 actions detected in the replay
| 0:03 | Create | Villager (Male) |
| 0:03 | Create | Villager (Male) |
| 0:03 | Create | Villager (Male) |
| 0:06 | Build | House |
| 0:08 | Build | House |
| 0:15 | Create | Villager (Male) |
| 0:16 | Create | Villager (Male) |
Build order — IkeP2
5 actions detected in the replay
| 0:01 | Create | Villager (Male) |
| 0:02 | Build | House |
| 0:04 | Build | House |
| 0:05 | Research | Loom |
| 0:06 | Create | Villager (Male) ×3 |
Build order — 荒野一條蟲
7 actions detected in the replay
| 0:01 | Create | Villager (Male) |
| 0:01 | Create | Villager (Male) |
| 0:01 | Create | Villager (Male) |
| 0:06 | Build | House |
| 0:08 | Build | House |
| 0:15 | Create | Villager (Male) |
| 0:16 | Create | Villager (Male) |
Build order — HuntHuht
3 actions detected in the replay
| 0:01 | Create | Villager (Male) ×4 |
| 0:03 | Build | House |
| 0:04 | Build | House |
Build order — Spec Reporter of 'roggan'
5 actions detected in the replay
| 0:19 | Create | Villager (Male) |
| 0:19 | Create | Villager (Male) |
| 0:19 | Create | Villager (Male) |
| 0:21 | Build | House |
| 0:23 | Build | House |
Build order — LetItGo :(
6 actions detected in the replay
| 0:07 | Create | Villager (Male) |
| 0:07 | Create | Villager (Male) |
| 0:09 | Build | House |
| 0:10 | Build | House |
| 0:13 | Create | Villager (Male) |
| 0:39 | Create | Villager (Male) |
Match timeline
| 0:45 | Spec Reporter of 'roggan' · resign |
[ AI ANALYSIS · 1 CREDIT ]
What really happened in this match?
Wolo.gg analyzes every decision: build order, eco, micro, common mistakes by bracket. Personalized analysis on WhatsApp or Discord in 30 seconds.
Civ guide
Teutons
Perfil
Jugador #2852313